 Dungeon Crawl Stone Soup version 0.20.1-1-g8b1a95d (console) character file.

153 hilaritas the Ruffian (level 5, 0/52 HPs)
             Began as a Troll Fighter on Dec 1, 2017.
             Slain by Grinder (3 damage)
             ... while paralysed by Grinder
             ... on level 3 of the Dungeon.
             The game lasted 00:04:59 (1684 turns).

hilaritas the Ruffian (Troll Fighter)               Turns: 1684, Time: 00:05:00

Health: 0/52       AC:  5    Str: 24    XL:     5   Next: 12%
Magic:  4/4        EV:  1    Int:  5    God:
Gold:   72         SH:  0    Dex:  9    Spells: 4/4 levels left

rFire    . . .     SeeInvis .     - Unarmed
rCold    . . .     Gourm    +   b - +0 shield
rNeg     . . .     Faith    .   a - +0 robe
rPois    .         Spirit   .   (helmet restricted)
rElec    .         Reflect  .   (no cloak)
rCorr    .         Harm     .   (gloves unavailable)
MR       .....                  (boots unavailable)
Stlth    +.........             (no amulet)
Regen    0.6/turn               (no ring)
MPRegen  0.1/turn               (no ring)

@: paralysed
A: unfitting armour, claws 3, fast metabolism 3, gourmand, regeneration 1,
shaggy fur 1, tough skin 2
a: no special abilities


You were on level 3 of the Dungeon.
You were very full.

You visited 1 branch of the dungeon, and saw 3 of its levels.

You collected 72 gold pieces.

Inventory:

Hand Weapons
 e - a +0 whip
Missiles
 o - 2 throwing nets (quivered)
Armour
 a - a +0 robe (worn)
 b - a +0 shield (worn)
Scrolls
 g - 2 scrolls of enchant weapon {unknown}
 i - a scroll of noise {unknown}
 k - a scroll of recharging {unknown}
 l - 2 scrolls of identify {unknown}
 m - a scroll of blinking {unknown}
 n - a scroll of teleportation {unknown}
Potions
 c - a potion of might
 h - 2 potions of flight {unknown}
 j - a potion of brilliance {unknown}
Comestibles
 d - 3 bread rations
 f - 2 meat rations
 p - a royal jelly


   Skills:
 + Level 2.9 Fighting
 - Level 2.4 Dodging
 + Level 3.0 Shields
 * Level 4.4 Unarmed Combat


You had 4 spell levels left.
You didn't know any spells.

Dungeon Overview and Level Annotations

Branches:
Dungeon (3/15)

Altars:
Fedhas

Annotations:
D:3 Grinder


Innate Abilities, Weirdness & Mutations

You are too large for most types of armour.
You have claws for hands.
Your metabolism is lightning-fast.
You like to eat raw meat.
Your natural rate of healing is unusually fast.
You are covered in fur. (AC +1)
You have very tough skin. (AC +2)


Message History

Grinder says, "Wait up."
Grinder blinks!
Grinder gestures at you. You resist with significant effort. Grinder hits you!
Your shield prevents you from hitting Grinder.
Grinder is almost dead.
Grinder gestures at you.
You suddenly lose the ability to move!
Grinder hits you.
* * * LOW HITPOINT WARNING * * *
You writhe in agony.
* * * LOW HITPOINT WARNING * * *
Grinder gestures at you. Pain shoots through your body!
* * * LOW HITPOINT WARNING * * *
Grinder blinks!
Grinder says, "Wait up."
Grinder hits you.
You die...

# .# ##.# ### ...#
.... ...# #..#
#########...#
##...##....@5..#
#.....#.######.#
............##$#
#..###.###.##.#.#
#.# #......#
#.######.###
#........# .
##.############
##.####..##....)...#
#...........######.#
#.####.####.# #.#


You could see Grinder.

Vanquished Creatures
  An orc priest (D:3)
  An orc wizard (D:3)
  An adder (D:2)
  4 gnolls (D:3)
  2 dart slugs (D:1)
  4 leopard geckos
  9 bats
  A giant cockroach (D:2)
  5 goblins
  3 hobgoblins (D:1)
  4 jackals (D:1)
  5 kobolds
  A frilled lizard (D:2)
  4 rats
45 creatures vanquished.

Notes
Turn   | Place    | Note
-------+----------+-------------------------------------------
     0 | D:1      | hilaritas the Troll Fighter began the quest for the Orb.
     0 | D:1      | Reached XP level 1. HP: 22/22 MP: 0/0
   187 | D:1      | Reached XP level 2. HP: 29/29 MP: 1/1
   425 | D:1      | Reached XP level 3. HP: 35/36 MP: 2/2
   783 | D:2      | Reached skill level 3 in Unarmed Combat
  1457 | D:3      | Reached XP level 4. HP: 20/44 MP: 3/3
  1561 | D:3      | Found a blossoming altar of Fedhas.
  1579 | D:3      | Reached skill level 4 in Unarmed Combat
  1585 | D:3      | Reached XP level 5. HP: 43/52 MP: 4/4
  1658 | D:3      | Noticed Grinder
  1661 | D:3      | Paralysed by Grinder for 4 turns
  1678 | D:3      | Paralysed by Grinder for 7 turns
  1680 | D:3      | HP: 1/52 [Grinder/nerve-wracking pain (9)]
  1684 | D:3      | Slain by Grinder

Skill      XL: |  1  2  3  4 |
---------------+-------------+-----
Unarmed Combat | 3 4 |  4.4
Shields        | 3 |  3.0
Fighting       | |  2.9
Dodging        | |  2.4

Action                   |  1- 3 |  4- 6 || total
-------------------------+-------+-------++-------
Melee: Unarmed           |   110 |    43 ||   153
 Stab: Sleeping          |     1 |       ||     1
  Eat: Chunk             |    16 |     4 ||    20
Armor: Robe              |    39 |     8 ||    47
Dodge: Dodged            |    35 |    14 ||    49
Block: Shield            |    40 |    16 ||    56
